 Dungeon Crawl Stone Soup version 0.30.1-4-g462c640d31 (webtiles) character file.

Game seed: 5124965841645121476

564 leafyfresh the Transmogrifier (level 7, -7/48 HPs)
             Began as a Merfolk Transmuter on Aug 18, 2023.
             Mangled by an ogre
             ... wielding a +0 giant club
              (32 damage)
             ... on level 5 of the Dungeon.
             The game lasted 00:09:07 (4906 turns).

leafyfresh the Transmogrifier (Merfolk Transmuter)  Turns: 4906, Time: 00:09:08

Health: -7/48      AC:  2    Str: 11    XL:     7   Next: 32%
Magic:  10/10      EV: 21    Int: 12    God:
Gold:   165        SH:  0    Dex: 21    Spells: 6/10 levels left

rFire   + .          .
                       - Unarmed
rCold   . . .        (shield currently unavailable)
rNeg    . . .        a - melded +0 robe
rPois   x            m - melded +0 helmet
rElec   .            w - melded +0 cloak
rCorr   +            r - melded +0 pair of gloves
SInv    .            (boots currently unavailable)
Will    +....        y - amulet "Rueqauz" {RegenMP rF+ Will+ rCorr}
Stlth   ++           (no ring)
HPRegen 0.28/turn    (no ring)
MPRegen 0.52/turn

%: no passive effects
@: spider-form
A: venomous fangs, tiny, (nimble swimmer 2), (mertail)
a: End Transformation


You were on level 5 of the Dungeon.
You were a venomous arachnid creature.
You visited 1 branch of the dungeon, and saw 5 of its levels.

You collected 165 gold pieces.

Inventory:

Hand Weapons
 l - a +0 antimagic sling
Armour
 a - a +0 robe (melded)
 m - a +0 helmet (melded)
 r - a +0 pair of gloves (melded)
 w - a +0 cloak (melded)
Magical Staves
 k - a staff of poison
 z - a staff of death
Jewellery
 i - an amulet of regeneration
 y - the amulet "Rueqauz" (around neck) {RegenMP rF+ Will+ rCorr}
   (You found it on level 5 of the Dungeon)

   [amulet of magic regeneration]

   It increases your rate of magic regeneration.
   rF:        It protects you from fire.
   rCorr:     It protects you from acid and corrosion.
   Will:      It increases your willpower.
Wands
 s - a wand of roots (1)
Scrolls
 e - 3 scrolls of teleportation {unknown}
 f - 2 scrolls of identify {unknown}
 h - 2 scrolls of poison {unknown}
 j - a scroll of enchant weapon {unknown}
 n - a scroll of blinking {unknown}
 o - a scroll of magic mapping {unknown}
 q - a scroll of silence {unknown}
Potions
 b - 2 potions of lignification
 c - a potion of cancellation {unknown}
 d - 3 potions of ambrosia
 g - a potion of heal wounds {unknown}
 p - 3 potions of flight {unknown}
 t - a potion of resistance {unknown}
 u - a potion of brilliance {unknown}
 v - a potion of degeneration {unknown}
 x - a potion of mutation {unknown}


   Skills:
 + Level 1.3 Fighting
 + Level 2.9 Dodging
 + Level 3.4 Unarmed Combat
 - Level 2.0 Spellcasting
 - Level 10.1 Transmutations


You had 6 spell levels left.
You knew the following spells:

 Your Spells              Type           Power      Damage    Failure   Level
a - Beastly Appendage     Tmut           50%        N/A       3%          1
b - Spider Form           Tmut/Pois      13%        N/A       26%         3

Your spell library contained the following spells:

 Spells                   Type           Power      Damage    Failure   Level
 Wereblood                Tmut           25%        N/A       4%          2
 Ice Form                 Ice/Tmut       13%        N/A       56%         4


Dungeon Overview and Level Annotations

Branches:
Dungeon (5/15)
 Temple: D:4-7

Altars:
Makhleb
Trog
Vehumet
Zin


Innate Abilities, Weirdness & Mutations

You are a venomous arachnid creature.
You have venomous fangs.
You are tiny and dextrous.
Your spellcasting is less reliable in this form.
Your armour is entirely melded.
You are incapable of wielding weapons or throwing items.
((You are very nimble when in or above water. (Stealth+, EV+, Speed+++)))
((Your lower body shifts to a powerful aquatic tail in water.))


Message History

You turn into a venomous arachnid creature.
Your +0 cloak melds into your body.
Your +0 helmet melds into your body.
Your +0 pair of gloves melds into your body.
Your +0 robe melds into your body.
The quokka completely misses you. The quokka bites you.
You barely miss the quokka. The quokka bites you.
Unknown command.
You hit the quokka.
You kill the quokka!
No target in view!
You start resting.
Magic restored.
You start resting.
Your transformation is almost over.
Your transformation has ended.
Your +0 cloak unmelds from your body.
Your +0 helmet unmelds from your body.
Your +0 pair of gloves unmelds from your body.
Your +0 robe unmelds from your body.
You start resting.
HP restored.
You start waiting.
Done waiting.
Casting: Spider Form (dangerous; 11% risk of failure)
Confirm with . or Enter, or press ? or * to list all spells.
You turn into a venomous arachnid creature.
Your +0 cloak melds into your body.
Your +0 helmet melds into your body.
Your +0 pair of gloves melds into your body.
Your +0 robe melds into your body.
You climb downwards.
The ogre closely misses you.
There is a stone staircase leading up here.
You hit the ogre.
The ogre is moderately wounded.
The ogre hits you with a +0 giant club!!
You hit the ogre.
The ogre is poisoned.
The ogre is moderately wounded.
You completely miss the ogre.
The ogre is moderately wounded.
The ogre hits you with a +0 giant club!!
Ouch! That really hurt!
You die...

#### ###..## #.....#
###...# ###.# #s#
#O## ##.# #.##
##..############
##......#.......#
##...###.........##
##....#####........##
##....(.# #.(......).


You could see an ogre (very poisoned).

Vanquished Creatures
  Duvessa (D:5)
  A scorpion (D:4)
  Dowan (D:5)
  3 hounds
  An orc priest (D:4)
  An iguana (D:3)
  Natasha (thrice) (D:2)
  3 gnolls
  An adder (D:3)
  A shadow imp (D:5)
  2 worms
  A dart slug (D:4)
  11 orcs
  6 bats
  11 endoplasms
  5 giant cockroaches
  6 goblins
  6 hobgoblins
  4 jackals (D:2)
  2 kobolds
  A quokka (D:4)
  4 ball pythons
  2 frilled lizards
  4 rats
81 creatures vanquished.

Notes
Turn   | Place    | Note
-------+----------+-------------------------------------------
     0 | D:1      | leafyfresh the Merfolk Transmuter began the quest for the
                  | Orb.
     0 | D:1      | Reached XP level 1. HP: 15/15 MP: 3/3
    15 | D:1      | You fall into a shaft and drop 1 floor!
    60 | D:2      | Reached skill level 3 in Transmutations
   261 | D:2      | Reached XP level 2. HP: 21/21 MP: 1/5
   316 | D:2      | Noticed Natasha
   417 | D:1      | Found a faded altar of an unknown god.
   427 | D:1      | Reached skill level 4 in Transmutations
   886 | D:1      | Reached XP level 3. HP: 26/26 MP: 6/6
   890 | D:1      | Learned a level 3 spell: Spider Form
  1755 | D:2      | Killed Natasha
  1756 | D:2      | Reached skill level 5 in Transmutations
  1756 | D:2      | Reached XP level 4. HP: 27/32 MP: 3/7
  1931 | D:2      | Noticed Natasha
  1938 | D:2      | Killed Natasha
  1939 | D:2      | Reached skill level 6 in Transmutations
  1969 | D:2      | Noticed Natasha
  1977 | D:2      | Killed Natasha
  2293 | D:2      | Reached XP level 5. HP: 34/37 MP: 4/8
  2529 | D:3      | Reached skill level 7 in Transmutations
  2792 | D:3      | Found a glowing silver altar of Zin.
  3039 | D:3      | Found a radiant altar of Vehumet.
  3223 | D:4      | Reached skill level 8 in Transmutations
  3223 | D:4      | Reached XP level 6. HP: 4/43 MP: 3/9
  3605 | D:4      | Found a bloodstained altar of Trog.
  4002 | D:4      | Found a burning altar of Makhleb.
  4348 | D:4      | Reached skill level 9 in Transmutations
  4407 | D:5      | Entered Level 5 of the Dungeon
  4458 | D:5      | Noticed Dowan
  4459 | D:5      | Noticed Duvessa
  4467 | D:5      | Killed Duvessa
  4468 | D:5      | Reached XP level 7. HP: 36/48 MP: 6/10
  4472 | D:5      | Killed Dowan
  4473 | D:5      | Reached skill level 10 in Transmutations
  4604 | D:5      | Identified the amulet "Rueqauz" {RegenMP rF+ Will+ rCorr}
  4906 | D:5      | Mangled by an ogre

Illustrated notes

Levels and vault maps discovered:
D:1:      dpeg_arrival_tiny_a, layout_basic, hellmonk_ecumenical_altar_lost_god
D:2:      layout_basic, uniq_natasha
D:3:      layout_rooms, overflow_temple_1_default, mainiacjoe_overflow_alcove_4,
          st_stairs_5, kennysheep_generic_room_11
D:4:      layout_gridville, trog_three_pillars_becter,
          mainiacjoe_overflow_alcove_1
D:5:      layout_cave_pods, minmay_temple_entry_antechambers,
          amcnicky_mini_rare_corridor_liquid, uniq_duvessa

Skill      XL: |  1  2  3  4  5  6  7 |
---------------+----------------------+-----
Transmutations | 3 4 5 6 8 9 10 | 10.1
Fighting       | |  1.3
Dodging        | |  2.9
Unarmed Combat | |  3.4
Spellcasting   | |  2.0

Action                     |  1- 3 |  4- 6 |  7- 9 || total
---------------------------+-------+-------+-------++-------
  Melee: Unarmed           |    97 |   161 |    25 ||   283
         Headbutt          |     3 |       |       ||     3
         Punch             |     1 |     1 |       ||     2
   Cast: Beastly Appendage |     8 |     2 |     1 ||    11
         Spider Form       |     2 |    20 |     3 ||    25
  Evoke: Wand              |       |       |     1 ||     1
    Use: Potion            |       |       |     1 ||     1
   Stab: Sleeping          |     1 |     1 |       ||     2
 Armour: Robe              |    47 |    18 |     5 ||    70
         Skin              |     3 |     5 |       ||     8
  Dodge: Dodged            |   126 |   146 |    39 ||   311
